AoeStats
← mackie3010

QS Arena

503595824Analyzed
1v1 RM · 1mo ago on Sep 1, 2026· 60m 5s· 2 players
Game mode
Random Map
Map size
Tiny (2 player)
Population
200
Speed
Normal
Resources
Standard
Victory
Conquest
Starting age
Dark Age
Ending age
Imperial Age
RankedLock teamsTeams togetherTeam positionsShared explorationLock speedFull tech treeHidden civsTurbo modeCheats
Victory
Defeat
🇵🇾 Turks · Paraguay
340
+10
🇺🇸 Teutons · United States
207
-10
Jorsh_Py
1:47 Loom
11:43 Feudal Age
12:16 Arson
11:55 Man-at-Arms
13:05 Arson
13:47 Double-Bit Axe
20:24 Castle Age
19:50 Town Watch
20:41 Wheelbarrow
20:44 Bloodlines
21:31 Forging
21:28 Fletching
24:55 Horse Collar
25:43 Stone Mining
25:47 Gold Mining
26:53 Crossbowman
31:15 Hand Cart
31:01 Town Patrol
33:33 Thumb Ring
33:19 Long Swordsman
34:26 Squires
38:26 Imperial Age
38:37 Two-Handed Swordsman
39:21 Bodkin Arrow
40:03 Iron Casting
40:08 Capped Ram
40:52 Champion
42:10 Siege Ram
mackie3010
12:16 Feudal Age
10:32 Loom
15:34 Fletching
15:55 Forging
20:30 Castle Age
19:18 Double-Bit Axe
19:42 Horse Collar
20:44 Pikeman
22:17 Wheelbarrow
23:14 Bow Saw
23:11 Heavy Plow
24:19 Fortified Wall
27:31 Hand Cart
32:24 Imperial Age
29:42 Town Watch
30:48 Ballistics
32:06 Iron Casting
31:33 Scale Mail Armor
32:10 Fervor
32:03 Devotion
32:57 Cavalier
33:49 Bloodlines
36:24 Blast Furnace
35:40 Chain Mail Armor
38:00 Town Patrol
39:54 Gold Mining
41:19 Crop Rotation
43:03 Two-Man Saw
43:33 Halberdier
44:37 Crenellations
44:53 Hoardings
47:20 Paladin
49:04 Man-at-Arms
49:31 Gambesons
49:47 Onager
50:59 Long Swordsman
Connection lost

Rejoining the realm…

Still unreachable

The connection could not be restored.

Session expired

The server has moved on; the page needs a fresh start.